AoeStats
← Polo AK

Fortress

509653270Analyzed
4v4 RM · 5d ago on Sep 27, 2026· 49m 59s· 8 players
Game mode
Random Map
Map size
Huge
Population
200
Speed
Normal
Resources
Standard
Victory
Conquest
Starting age
Dark Age
Ending age
Imperial Age
RankedLock teamsTeams togetherTeam positionsShared explorationLock speedFull tech treeHidden civsTurbo modeCheats
Victory
Defeat
🇨🇳 Khmer · China
1116
+15
🇧🇷 Romans · Brazil
1098
+16
🇨🇳 Chinese · China
1081
+16
🇮🇳 Inca · India
1054
+17
🇬🇧 Koreans · United Kingdom
1118
-17
🇨🇴 Bengalis · Colombia
1091
-16
🇷🇺 Spanish · Russia
1084
-16
🇸🇪 Britons · Sweden
1060
-15
M0nero
0:29 Loom
1:21 Loom
8:53 Feudal Age
12:57 Castle Age
11:02 Padded Archer Armor
11:55 Double-Bit Axe
12:02 Gold Mining
12:31 Horse Collar
15:06 Husbandry
18:09 Leather Archer Armor
19:48 Bloodlines
21:22 Stone Mining
26:09 Imperial Age
24:44 Heavy Plow
25:46 Herbal Medicine
26:45 Wheelbarrow
25:56 Town Watch
26:35 Fletching
27:53 Ring Archer Armor
28:45 Bodkin Arrow
31:22 Stone Shaft Mining
35:19 Elite Conquistador
36:40 Hand Cart
36:36 Caravan
38:10 Chemistry
42:00 Town Patrol
MegaWickedMan
8:24 Feudal Age
10:12 Loom
12:33 Castle Age
10:33 Horse Collar
10:51 Double-Bit Axe
13:47 Wheelbarrow
15:37 Bow Saw
16:27 Fletching
17:03 Heavy Plow
18:48 Gold Mining
19:08 Husbandry
20:03 Bodkin Arrow
22:55 Hand Cart
23:31 Thumb Ring
23:25 Town Watch
24:03 Stone Mining
28:47 Imperial Age
27:19 Ballistics
29:02 Fortified Wall
29:59 Conscription
29:47 Bracer
30:52 Chemistry
29:38 Elite War Wagon
32:18 Two-Man Saw
34:01 Caravan
35:04 Gold Shaft Mining
34:58 Squires
34:21 Pikeman
35:08 Scale Mail Armor
36:19 Siege Engineers
36:27 Masonry
35:59 Treadmill Crane
36:25 Siege Engineers
36:36 Masonry
36:48 Chain Mail Armor
35:56 Halberdier
36:49 Eupseong
38:14 Plate Mail Armor
37:55 Forging
40:21 Iron Casting
42:00 Architecture
41:26 Arrowslits
41:52 Heavy Rocket Cart
42:57 Shinkichon
45:11 Elite Skirmisher
mati
7:32 Feudal Age
11:49 Castle Age
10:06 Horse Collar
10:41 Double-Bit Axe
13:10 Bow Saw
14:20 Heavy Plow
18:50 Fletching
20:38 Padded Archer Armor
21:53 Ballistics
23:09 Wheelbarrow
22:22 Loom
22:25 Town Watch
23:34 Town Patrol
23:39 Bodkin Arrow
23:59 Leather Archer Armor
25:52 Hand Cart
27:12 Stone Mining
27:13 Gold Mining
31:44 Imperial Age
29:29 Scale Mail Armor
29:40 Forging
31:15 Gold Shaft Mining
30:50 Caravan
31:30 Chain Mail Armor
31:25 Forging
32:14 Elite Longbowman
33:18 Conscription
33:34 Ring Archer Armor
33:05 Bracer
36:26 Yeomen
38:17 Pikeman
38:57 Squires
38:43 Arson
41:11 Chemistry
40:43 Plate Mail Armor
40:48 Iron Casting
42:57 Warwolf
42:33 Sappers
43:38 Hoardings
43:43 Halberdier
45:20 Siege Engineers
44:56 Treadmill Crane
45:27 Masonry
45:05 Arrowslits
46:57 Blast Furnace
primo_montes
7:29 Feudal Age
12:27 Castle Age
10:27 Double-Bit Axe
15:08 Wheelbarrow
14:24 Town Watch
14:23 Horse Collar
16:09 Bow Saw
18:20 Loom
21:51 Stone Mining
23:30 Ballistics
23:30 Gold Mining
24:00 Heavy Plow
24:02 Fletching
25:37 Gold Shaft Mining
29:25 Imperial Age
27:28 Fortified Wall
27:33 Padded Archer Armor
27:44 Paiks
28:23 Hand Cart
28:34 Masonry
29:07 Bodkin Arrow
30:02 Scale Barding Armor
29:57 Elite Ratha (Ranged)
30:58 Conscription
30:46 Murder Holes
32:01 Chemistry
31:35 Bracer
31:55 Chain Barding Armor
31:47 Forging
33:20 Arson
33:48 Husbandry
33:59 Bloodlines
34:35 Chain Barding Armor
34:52 Iron Casting
35:23 Leather Archer Armor
35:56 Siege Engineers
37:09 Plate Barding Armor
37:36 Blast Furnace
37:47 Architecture
37:14 Murder Holes
37:26 Scale Mail Armor
37:34 Elite Elephant Archer
39:36 Mahayana
38:59 Siege Elephant
40:30 Ring Archer Armor
40:02 Squires
39:48 Gambesons
40:24 Caravan
40:56 Coinage
41:03 Town Patrol
40:43 Pikeman
40:46 Elite Skirmisher
43:05 Chain Mail Armor
43:45 Light Cavalry
CapitaoPlaneta
1:57 Loom
6:47 Feudal Age
12:05 Castle Age
9:55 Double-Bit Axe
10:12 Horse Collar
15:34 Town Watch
17:17 Forging
18:47 Bow Saw
20:47 Scale Barding Armor
20:57 Stone Mining
23:52 Iron Casting
23:38 Gold Mining
24:56 Heavy Plow
28:06 Gold Shaft Mining
28:29 Wheelbarrow
29:17 Husbandry
29:28 Bloodlines
32:49 Imperial Age
31:18 Hand Cart
30:32 Elite Skirmisher
31:37 Fortified Wall
32:06 Chain Barding Armor
31:50 Scale Mail Armor
32:54 Ballistics
32:30 Murder Holes
32:45 Masonry
33:08 Fletching
33:18 Padded Archer Armor
34:33 Crop Rotation
35:45 Blast Furnace
35:15 Squires
35:37 Conscription
34:40 Pikeman
36:18 Chain Mail Armor
36:21 Leather Archer Armor
36:01 Bodkin Arrow
37:16 Capped Ram
37:18 Onager
39:11 Chemistry
39:08 Siege Ram
39:40 Halberdier
39:42 Man-at-Arms
41:00 Ring Archer Armor
41:03 Comitatenses
41:01 Town Patrol
41:42 Plate Barding Armor
42:23 Long Swordsman
42:56 Light Cavalry
46:07 Elite Centurion
46:54 Ballistas
48:37 Siege Engineers
49:03 Architecture
48:50 Caravan
48:32 Sappers
divyam_10
7:32 Feudal Age
5:48 Loom
13:22 Castle Age
11:48 Horse Collar
11:55 Double-Bit Axe
14:52 Heavy Plow
15:06 Bow Saw
16:52 Heavy Plow
19:56 Champi Runner
20:39 Scale Mail Armor
20:49 Forging
22:53 Chain Mail Armor
23:14 Iron Casting
22:59 Town Watch
24:15 Wheelbarrow
24:48 Iron Casting
24:15 Squires
24:00 Arson
24:40 Fletching
25:06 Gold Mining
25:10 Stone Mining
29:05 Imperial Age
27:20 Fortified Wall
27:05 Murder Holes
27:21 Masonry
30:31 Plate Mail Armor
31:02 Blast Furnace
30:54 Elite Kamayuk
33:30 Fabric Shields
37:51 Hoardings
37:37 Conscription
42:38 Arson
Polo AK
7:26 Feudal Age
10:45 Castle Age
8:57 Horse Collar
9:05 Double-Bit Axe
13:19 Loom
18:30 Heavy Plow
24:35 Wheelbarrow
23:46 Town Watch
28:42 Imperial Age
26:24 Stone Mining
27:26 Hand Cart
31:35 Crop Rotation
30:46 Elite Ballista Elephant
33:49 Gold Mining
37:05 Forging
37:00 Scale Barding Armor
37:34 Stone Shaft Mining
37:35 Gold Shaft Mining
38:27 Chemistry
38:12 Conscription
38:26 Caravan
39:23 Iron Casting
39:10 Chain Barding Armor
38:57 Husbandry
39:08 Bloodlines
38:19 Light Cavalry
39:06 Town Patrol
41:05 Blast Furnace
40:04 Hussar
41:39 Plate Barding Armor
42:30 Heavy Scorpion
44:31 Scale Mail Armor
46:13 Double Crossbow
47:15 Capped Ram
48:33 Ballistics
48:12 Pikeman
48:13 Man-at-Arms
48:38 Arson
49:11 Chain Mail Armor
48:57 Padded Archer Armor
48:48 Fletching
49:11 Bow Saw
50:35 Masonry
50:31 Siege Engineers
370885147
0:44 Loom
7:47 Feudal Age
8:31 Stone Mining
8:31 Double-Bit Axe
8:29 Horse Collar
13:37 Castle Age
12:43 Gold Mining
13:51 Stone Mining
14:37 Fletching
15:16 Heavy Plow
21:13 Bow Saw
21:50 Gold Shaft Mining
22:35 Wheelbarrow
22:38 Bodkin Arrow
22:45 Padded Archer Armor
26:05 Hand Cart
29:15 Imperial Age
26:32 Town Watch
28:09 Stone Shaft Mining
28:14 Leather Archer Armor
28:08 Scale Barding Armor
28:13 Forging
28:29 Town Patrol
30:02 Bracer
30:33 Ring Archer Armor
30:25 Conscription
30:22 Great Wall
30:44 Rocketry
30:40 Fortified Wall
31:31 Chemistry
30:51 Ballistics
33:57 Two-Man Saw
32:35 Heavy Rocket Cart
34:54 Bombard Tower
35:11 Coinage
37:04 Masonry
38:15 Banking
39:55 Thumb Ring
41:16 Architecture
Connection lost

Rejoining the realm…

Still unreachable

The connection could not be restored.

Session expired

The server has moved on; the page needs a fresh start.